 Dungeon Crawl Stone Soup version 0.29-a0-214-g17f627cfee (webtiles) character file.

Game seed: 15160634124265103140

207 sammy202020 the Skirmisher (level 5, -1/42 HPs)
             Began as a Demonspawn Berserker on Feb 25, 2022.
             Was a Believer of Trog.
             Slain by a scorpion (7 damage)
             ... on level 4 of the Dungeon.
             The game lasted 00:08:28 (3648 turns).

sammy202020 the Skirmisher (Demonspawn Berserker)   Turns: 3648, Time: 00:08:29

Health: -1/42      AC:  7    Str: 19    XL:     5   Next: 54%
Magic:  5/5        EV:  9    Int:  9    God:    Trog [**....]
Gold:   140        SH:  7    Dex: 12    Spells: 4/4 levels left

rFire   . . .      SeeInvis .   a - +0 hand axe
rCold   . . .      Faith    .   d - +0 kite shield
rNeg    . . .      Spirit   .   b - +0 ring mail
rPois   .          Reflect  .   (no helmet)
rElec   .          Harm     .   (no cloak)
rCorr   .          Rampage  .   (no gloves)
Will    .....                   (no boots)
Stlth   +.........              (no amulet)
HPRegen 0.14/turn               (no ring)
MPRegen 0.09/turn               (no ring)

@: no status effects
A: molten scales 1, demonic touch 1, devolution 1
a: Renounce Religion, Berserk, Trog's Hand


You were on level 4 of the Dungeon.
You worshipped Trog.
Trog was pleased with you.
You visited 1 branch of the dungeon, and saw 4 of its levels.

You collected 140 gold pieces.

Inventory:

Hand Weapons
 a - a +0 hand axe (weapon)
Armour
 b - a +0 ring mail (worn)
 d - a +0 kite shield (worn)
Scrolls
 c - 4 scrolls of identify
 f - a scroll of blinking
 k - a scroll of brand weapon {unknown}
Potions
 e - 2 potions of brilliance
 g - a potion of curing
 h - a potion of might
 j - a potion of attraction
 l - a potion of resistance
 m - a potion of haste


   Skills:
 + Level 3.8 Fighting
 + Level 3.5 Axes
 + Level 2.9 Armour
 + Level 2.8 Dodging
 + Level 1.8 Shields


You had 4 spell levels left.
You didn't know any spells.
Your spell library was empty.

Dungeon Overview and Level Annotations

Branches:
Dungeon (4/15)
 Temple: D:4-7

Altars:
Uskayaw

Shops:
D:4 [


Innate Abilities, Weirdness & Mutations

You are partially covered in molten scales. (AC +2)
Your touch may inflict minor irresistible damage on your foes.
You have hidden genetic defects.


Message History

You are too injured to fight recklessly!
You are too injured to fight recklessly!
You are too injured to fight recklessly!
You are too injured to fight recklessly!
You are too injured to fight recklessly!
You are too injured to fight recklessly!
You are too injured to fight recklessly!
You are too injured to fight recklessly!
You are too injured to fight recklessly!
You are too injured to fight recklessly!
You are too injured to fight recklessly!
You are too injured to fight recklessly!
You are too injured to fight recklessly!
You are too injured to fight recklessly!
You are too injured to fight recklessly!
You are too injured to fight recklessly!
You are too injured to fight recklessly!
You are too injured to fight recklessly!
You are too injured to fight recklessly!
You are too injured to fight recklessly!
You are too injured to fight recklessly!
You hit the scorpion.
The scorpion is heavily wounded.
You feel sick.
The scorpion stings you but does no damage.
You hit the scorpion.
The scorpion is heavily wounded.
You feel sick. The scorpion closely misses you.
The scorpion stings you but does no damage.
You hit the scorpion.
The scorpion is severely wounded.
You feel sick.
You are no longer poisoned.
The scorpion stings you but does no damage.
You closely miss the scorpion.
The scorpion is severely wounded.
The scorpion stings you.
* * * LOW HITPOINT WARNING * * *
The scorpion stings you!
You die...

#....<....# #..#### #
#.#.###.#.####..##..
####.####.#.............##.#
..$.........>...............
.........)#.....###.........
####........................
#$.###...###.###.....####
...........................
#..#..###.#@##..###........#
#..#. #.#s†# .# #..#.## #.
.. .....# # #..#. .. ∩......
.####.#.. .. #.#... ..
#.##.## ... ..


You could see a scorpion.

Vanquished Creatures
  2 hounds (D:4)
  4 gnolls (D:2)
  2 adders (D:2)
  A shadow imp (D:4)
  An adder skeleton (D:4)
  A worm (D:2)
  4 dart slugs
  4 ball pythons
  4 bats
  3 endoplasms
  3 giant cockroaches
  4 goblins
  6 hobgoblins
  11 jackals
  5 kobolds
  5 quokkas
  4 frilled lizards
  A quokka skeleton (D:4)
  2 rats (D:2)
67 creatures vanquished.

Notes
Turn   | Place    | Note
-------+----------+-------------------------------------------
     0 | D:1      | sammy202020 the Demonspawn Berserker began the quest for
                  | the Orb.
     0 | D:1      | Reached XP level 1. HP: 18/18 MP: 1/1
     2 | D:1      | Found a hide-covered altar of Uskayaw.
   584 | D:1      | Gained mutation: You are partially covered in molten
                  | scales. (AC +2) [demonic ancestry]
   584 | D:1      | Reached XP level 2. HP: 17/24 MP: 2/2
  1156 | D:1      | Reached XP level 3. HP: 24/29 MP: 3/3
  1629 | D:2      | Found a faded altar of an unknown god.
  1633 | D:2      | Reached ** piety under Trog
  1984 | D:2      | Reached skill level 1 in Shields
  2113 | D:2      | Gained mutation: Your touch may inflict minor irresistible
                  | damage on your foes. [demonic ancestry]
  2113 | D:2      | Reached XP level 4. HP: 23/35 MP: 4/4
  3218 | D:4      | Reached XP level 5. HP: 39/42 MP: 5/5
  3495 | D:4      | Gained mutation: You have hidden genetic defects. [potion
                  | of mutation]
  3632 | D:4      | Found Waqed's Armour Boutique.
  3648 | D:4      | Slain by a scorpion

Illustrated notes

Levels and vault maps discovered:
D:1:      sevenhm_arrival_forest_fort_small_6, layout_basic, nrook_uturn
D:2:      layout_loops_corners, hellmonk_ecumenical_altar_run_dry
D:3:      layout_basic, nicolae_uskayaw_dance_hall, serial_shops,
          nicolae_shop_trees
D:4:      layout_basic, serial_shops, shop, nicolae_grassy_gnolls

Skill      XL: |  1  2  3 |
---------------+----------+-----
Armour         | 2 |  2.9
Dodging        | 2 |  2.8
Axes           | 3 |  3.5
Shields        | 1 |  1.8
Fighting       | |  3.8

Action                   |  1- 3 |  4- 6 || total
-------------------------+-------+-------++-------
Melee: Hand axe          |   133 |   105 ||   238
Invok: Berserk           |     2 |     2 ||     4
  Use: Scroll            |     8 |     4 ||    12
       Potion            |       |     1 ||     1
 Stab: Sleeping          |     2 |       ||     2
Armor: Animal skin       |    40 |     6 ||    46
       Ring mail         |       |    45 ||    45
Dodge: Dodged            |    64 |    51 ||   115
Block: Kite shield       |    36 |    32 ||    68

Table legend: (Time is in decaauts)
 A = Elapsed time spent in this place.
 B = Non-inter-level travel time spent in this place.
 C = Inter-level travel time spent in this place.
 D = Time resting spent in this place.
 E = Time spent auto-exploring this place.
 F = Levels seen in this place.
 G = Mean time per level.
                   A        B        C        D        E       F      G
               +--------+--------+--------+--------+--------+-----+--------+
         Total |   3755 |   3714 |     41 |    841 |   2151 |   4 |  938.8 |
       Dungeon |   3755 |   3714 |     41 |    841 |   2151 |   4 |  938.8 |
               +--------+--------+--------+--------+--------+-----+--------+

Top non-repeatable levels by time:
     D:1: 1568 daAuts
     D:2: 1511 daAuts
     D:4: 464 daAuts
     D:3: 211 daAuts
